← All builds
Air / Cortex / Economy first / OBSERVED BUILD

Whirlwind bomber rush

Skips the usual transport-first routine to build Whirlwind bombers from an Aircraft Plant as early as 5 minutes, sending them to hit the enemy base and middle well before the front stabilizes, before easing back into the normal…

#rush #raid #air · 19 distinct matches · 12 players · 3% of Cortex Air games · team won 63% of 19 · Recently observed

THE CATCH, AND WHAT COMES WITH IT
  • WhirlwindT1 air bombers from 5:04 · 7% of role by thenFrom the Aircraft Plant. Only 7% of Air games have it by then; others who build it get it around 10:48
  • Aircraft PlantAircraft Plant in 47%10% of all Air games by then
  • WhirlwindWhirlwind in 47%3% of all Air games by then
  • HerculesLight transport in 42%18% of all Air games by then

Where those units first fight, in 19 games with kill data: in the middle 58%, in the enemy base 42%.

Those units destroy a typical 480 metal of enemy units by 15:00.

Then transitions into valiant (35% of army), fighter (10% of army).

HOW TO PLAY IT

Key timing: Whirlwind bombers from 5:13

  1. Open aircraft plant immediately instead of the usual delay.
  2. Stack wind turbines heavily to fund the air push.
  3. Commit to T1 bombers led by Whirlwind far earlier than norm.
  4. Send bombers into the enemy base or contest the middle.
  5. Transition into fusion reactor and standard air composition.

Phase by phase

TYPICAL OF ITS 19 GAMES · AGAINST STANDARD AIR
  1. 1
  2. 2
  3. 3
PLAY THE OPENING

Follow the example game's first 6:05 step by step: what to build now, what comes next, and where it goes. At 1× it keeps pace with your own game.

  1. 1

    Up to the Aircraft Plant

    Economy
    • Metal Extractor3Mex
    • Wind Turbine4Wind
    Order
    1. Aircraft PlantAircraft Plant after 3 mex, 4 winddone ~1:27, middle half 1:14–1:32

    Some games also: energy storage (47%)

    By 1:09 in all: 3 mex · 4 wind

    The example game in this phase · 3 steps
    1. Mex ×3
    2. Wind ×4
    3. Aircraft PlantAircraft Plantdone 1:15 · typical 1:27
  2. 2

    Aircraft Plant to T1 air bombers

    Economy
    • Metal Extractor1Mex
    • Wind Turbine7Wind
    • Wind Turbine4Wind
    Order
    1. WhirlwindT1 air bombers after 3 mex, 11 wind, 4 wind
    Builders
    • Construction Turret2 Con turret
    • Construction Aircraft1 Con aircraft
    Army
    • Valiant4 Valiant
    • Finch2 Finch for allies
    • Hercules2 Light transport for allies
    • Finch1 Finch
    • Hephaestus1 Heavy transport for allies

    Some games also: converter (42%) · shuriken (37%) · energy storage (32%)

    By 4:55 in all: 3 mex · 1 mex · 11 wind · 4 wind · 1 energy storage · 2 con turret

    The example game in this phase · 12 steps
    1. Wind
    2. FinchFinchfor Geo sea
    3. Wind ×3
    4. FinchFinchfor Beach sea
    5. FinchFinch
    6. HerculesLight transport
    7. HephaestusHeavy transportfor Beach sea
    8. Wind ×3
    9. ValiantValiant
    10. Mex
    11. Wind
    12. WhirlwindWhirlwinddone 3:13
  3. 3

    T1 air bombers to 10:00

    Economy
    • Wind Turbine20Wind
    • Wind Turbine1Wind−4 vs standard
    • Energy Converter1Converter−6 vs standard
    Builders
    • Construction Turret1 Con turret −3 vs standard
    Army
    • Valiant5 Valiant −4 vs standard
    • Whirlwind5 Whirlwind +5 vs standard

    Some games also: con turret (47%) · light transport for allies (42%)

    By 10:00 in all: 3 mex · 1 mex · 24 wind · 14 wind (standard 20) · 6 converter (standard 8) · 1 energy storage

    The example game in this phase · 155 steps
    1. Wind
    2. ValiantValiant ×2
    3. Wind
    4. Con turret
    5. Wind
    6. HerculesLight transportfor Tech
    7. Con turret ×2
    8. WhirlwindWhirlwind
    9. Energy storage
    10. Wind ×10
    11. HerculesLight transportfor Tech
    12. Wind
    13. ValiantValiant ×2
    14. Wind
    15. Wind
    16. Con turret
    17. HerculesLight transportfor Geo
    18. WhirlwindWhirlwind
    19. Converter ×6
    20. Energy storage
    21. Con turret
    22. Advanced Metal ExtractorT2 mexdone 7:07 · typical 7:23
    23. Wind ×2
    24. Advanced Metal ExtractorT2 mex
    25. Wind ×7
    26. Advanced Metal ExtractorT2 mex
    27. Wind ×6
    28. Advanced Metal ExtractorT2 mex
    29. Wind ×10
    30. Con turret ×2
    31. Wind ×2
    32. Advanced solar
    33. Wind
    34. Energy storage
    35. Aircraft PlantAircraft Plantdone 9:34
    36. Converter
    37. ValiantValiant
    38. Converter
    39. ValiantValiant
    40. Converter
    41. ValiantValiant ×2
    42. Converter
    43. ValiantValiant ×2
    44. Converter
    45. ValiantValiant
    46. Converter
    47. ValiantValiant
    48. Converter
    49. ValiantValiant ×3
    50. Con turret
    51. ValiantValiant
    52. ShurikenShuriken
    53. Con turret
    54. ShurikenShuriken ×2
    55. ValiantValiant ×4
    56. ShurikenShuriken ×5
    57. ValiantValiant ×4
    58. Construction AircraftCon aircraft ×2
    59. ValiantValiant ×2
    60. Wind
    61. ValiantValiant ×2
    62. Wind
    63. ValiantValiant ×2
    64. Wind
    65. ValiantValiant ×2
    66. Wind
    67. ValiantValiant
    68. Wind
    69. ValiantValiant ×2
    70. Wind
    71. ValiantValiant ×2
    72. Wind
    73. ValiantValiant
    74. Wind
    75. ValiantValiant ×2
    76. Wind
    77. ValiantValiant
    78. Wind
    79. ValiantValiant
    80. Wind
    81. ValiantValiant
    82. Wind
    83. ValiantValiant
    84. Wind
    85. ShurikenShuriken ×2
    86. Wind
    87. ShurikenShuriken ×5
    88. Wind
    89. ShurikenShuriken ×2
    90. Wind
    91. ShurikenShuriken ×2
    92. Wind
    93. ShurikenShuriken ×2
    94. Wind
    95. ShurikenShuriken ×2
    96. ValiantValiant
    97. Con turret
    98. Wind
    99. Con turret
    100. ValiantValiant
    101. Con turret
    102. ValiantValiant
    103. Con turret ×2
    104. ValiantValiant
    105. Con turret ×2
    106. ValiantValiant
    107. Con turret
    108. Wind
    109. ValiantValiant ×3
    110. Wind
    111. ValiantValiant ×2
    112. Wind
    113. ValiantValiant ×2
    114. Wind
    115. ValiantValiant
    116. Wind
    117. ValiantValiant ×2
    118. Wind
    119. ValiantValiant
    120. Wind
    121. ValiantValiant
    122. Wind
    123. ValiantValiant ×2
    124. Wind
    125. ValiantValiant ×15
    126. Converter ×3
    127. Con turret
    128. Converter
    129. Con turret ×3
    130. Con turret
    131. Con turret ×2
    132. Converter
    133. Con turret
    134. Converter
    135. Advanced Aircraft PlantAdvanced Aircraft Plantdone 14:18
    136. Converter ×4
    137. Advanced Construction AircraftT2 con aircraft
    138. Wind
    139. Converter
    140. Wind
    141. Converter
    142. HailstormHailstorm
    143. Wind
    144. Converter
    145. Wind
    146. HailstormHailstorm
    147. Converter
    148. Wind
    149. Converter
    150. HailstormHailstorm
    151. Wind
    152. Converter
    153. Wind
    154. HailstormHailstorm
    155. Wind

Counts are medians over the build's games: half of them build more, half fewer. The example game is MischievousDragonGF's (40 OS, 12/09/2026); pick another.

Team trades

IN AT LEAST 30% OF ITS GAMES

You hand over

  • Finch2 Finch to Geo sea or Beach seafirst at 1:58 · in 95% of games
  • Hercules3 Light transport to Tech or Geo sea or Pondfirst at 2:18 · in 100% of games
  • Hephaestus1 Heavy transport to Beach sea or Techfirst at 2:33 · in 74% of games

You get

  • Wind Turbine16 Wind from Beach sea or Tech or Frontfirst at 1:28 · in 32% of games
  • Wind Turbine3 Wind from Beach sea or Geo seafirst at 1:42 · in 79% of games
  • Construction Bot1 Con bot from Tech or Frontfirst at 2:11 · in 100% of games
  • Advanced Metal Extractor1 T2 mex from Tech or Beach seafirst at 6:00 · in 42% of games
  • Advanced Construction Bot1 T2 con bot from Techfirst at 6:20 · in 100% of games

How it plays out

Typical game of this build against the role’s standard build, running totals by minute

  • This build
  • Standard air

Metal produced

010k20k30k
0:005:0010:0015:00

metal

Enemy metal destroyed

02k4k
0:005:0010:0015:00

metal

Own metal lost

02k4k6k
0:005:0010:0015:00

metal

19 games.

Show as table
ByMetal produced: This buildMetal produced: Standard airEnemy metal destroyed: This buildEnemy metal destroyed: Standard airOwn metal lost: This buildOwn metal lost: Standard air
1:003933930000
2:009219240000
3:00145514570000
4:0020582052005151
5:002793276507374102
6:0036803779125124182147
7:0050065128221176240219
8:0064507036279220413281
9:0083239352298250541341
10:0010965118414653141162464
11:00131741439510734391963635
12:00157621710910976052207955
13:001831619932162890724011256
14:0021897226191933139132201819
15:0025456254893836205940462748
WHAT THE NUMBERS SAY

Won more often than the standard build and destroyed noticeably more enemy metal by 15:00.

  • + Enemy metal destroyed more than doubles standard by 15:00.
  • + Team win rate well above the role's standard build.
  • − Own metal lost roughly doubles the standard build by 10:00.
  • − Very rare timing, only 7% of role games this fast.
THE EXAMPLE YOU ARE READING

MischievousDragonGF

40.4 OS · 12/09/2026

Open source match ↗

8 received units · includes a constructor
1603 metal received · 81928 energy received

Allied construction assistance is unknown. Timings are observations, not a promise of solo reproducibility.

Typical milestones

Aircraft Plant1:27Middle 50%: 1:14–1:32 · n=19
Advanced Metal Extractor7:23Middle 50%: 6:12–7:57 · n=19
Fusion Reactor11:01Middle 50%: 10:08–12:19 · n=11

Played most by

haaven4games of this buildkrtf4games of this buildMischievousDragonGF2games of this buildGeeGee1game of this buildImmort1game of this build